 Dungeon Crawl Stone Soup version 0.26-a0-597-gb535b0901c (webtiles) character file.

Game seed: 4085370540402687311

68036 Apogee the Warrior (level 15, -9/116 HPs)
             Began as a Halfling Hunter on Sept 5, 2020.
             Was a High Priest of Yredelemnul.
             Engulfed by a death drake's foul pestilence (10 damage)
             ... on level 3 of the Abyss.
             The game lasted 01:48:47 (33335 turns).

Apogee the Warrior (Halfling Hunter)               Turns: 33335, Time: 01:48:48

Health: -9/116     AC: 14    Str: 18    XL:     15   Next: 68%
Magic:  21/21      EV: 14    Int: 11    God:    Yredelemnul [*****.]
Gold:   1041       SH:  5    Dex: 17    Spells: 12/18 levels left

rFire    + . .     SeeInvis .   I - +10 rapier of Viny Integrity {drain, rPois}
rCold    + . .     Faith    .   K - +1 buckler {rPois}
rNeg     . . .     Spirit   .   m - +0 swamp dragon scales
rPois    +         Reflect  .   Q - +1 helmet
rElec    +         Harm     .   Y - +0 cloak "Remi Jask" {rPois Str+4}
rCorr    .         Rnd*Tele +   s - +2 pair of gloves
MR       +....                  k - +0 pair of boots
Stlth    ++++++....             e - amulet "Piamis Irav" {rElec rF+ Regen+ Int+2 Stlth+}
HPRegen  0.00/turn              o - ring of protection from cold
MPRegen  0.17/turn              W - ring of Shadows {Umbra +Inv Stlth+}

@: lethally poisoned (-9 -> -33), hasted and slowed, wreathed by umbra,
extremely drained
A: small, iridescent scales 1, deformed body, mutation resistance 1, [screaming
2], inhibited regeneration, [teleportitis 2], [weak 2]
a: Recall Undead Slaves, Injury Mirror, Animate Dead, Drain Life, Enslave Soul,
Renounce Religion, Evoke Invisibility


You were on level 3 of the Abyss.
You worshipped Yredelemnul.
Yredelemnul was extremely pleased with you.
You visited 5 branches of the dungeon, and saw 25 of its levels.
You visited the Abyss 2 times.
You visited 1 bazaar.

You collected 1889 gold pieces.
You spent 848 gold pieces at shops.

Inventory:

Hand Weapons
 a - a +1 hunting sling
 b - the +6 dagger of Arrival {flame, +Fly rPois rF++ rC-}
   (You took it off a gnoll on level 7 of the Dungeon)

   It has been specially enchanted to burn those struck by it, causing extra
   injury to most foes and up to half again as much damage against particularly
   susceptible opponents.
   It greatly protects you from fire.
   It makes you vulnerable to cold.
   It protects you from poison.
   It lets you fly.
 I - the +10 rapier of Viny Integrity (weapon) {drain, rPois}
   (You found it on level 2 of the Abyss)

   A truly terrible weapon, it drains the life of those it strikes.
   It protects you from poison.
Missiles
 j - 446 stones
 A - a throwing net (quivered) {!f}
 U - 146 sling bullets
Armour
 k - a +0 pair of boots (worn)
   (You found it on level 2 of the Dungeon)
 m - +0 swamp dragon scales (worn)
   (You found it on level 2 of the Swamp)
 s - a +2 pair of gloves (worn)
   (You found it on level 4 of the Dungeon)
 K - a +1 buckler of poison resistance (worn)
   (You found it on level 10 of the Dungeon)
 M - the +2 robe "Raofrac" {Str+4}
   (You found it on level 9 of the Dungeon)

   It affects your strength (+4).
 Q - a +1 helmet (worn)
   (You found it on level 6 of the Lair of Beasts)
 Y - the +0 cloak "Remi Jask" (worn) {rPois Str+4}
   (You found it on level 10 of the Dungeon)

   It affects your strength (+4).
   It protects you from poison.
Jewellery
 e - the amulet "Piamis Irav" (around neck) {rElec rF+ Regen+ Int+2 Stlth+}
   (You found it on level 6 of the Lair of Beasts)

   [amulet of regeneration]

   It affects your intelligence (+2).
   It protects you from fire.
   It insulates you from electricity.
   It increases your rate of regeneration.
   It makes you more stealthy.
 l - an uncursed ring of protection from magic
   (You found it on level 11 of the Dungeon)
 o - a ring of protection from cold (left hand)
   (You found it on level 13 of the Dungeon)
 y - the ring "Xogha" {rF- rN+++ MP+9 Stlth+}
   (You found it on level 1 of the Swamp)

   [ring of stealth]

   It makes you vulnerable to fire.
   It renders you almost immune to negative energy.
   It affects your magic capacity (+9).
   It makes you more stealthy.
 z - an uncursed ring of see invisible
   (You found it on level 10 of the Dungeon)
 J - a +6 ring of intelligence
   (You found it on level 7 of the Dungeon)
 R - an uncursed ring of wizardry
   (You found it on level 8 of the Dungeon)
 T - a +4 ring of evasion
   (You found it on level 3 of the Lair of Beasts)
 W - the ring of Shadows (right hand) {Umbra +Inv Stlth+}
   (You bought it in a shop in a bazaar)

   [ring of stealth]

   It lets you turn invisible.
   It makes you more stealthy.
 X - an uncursed amulet of reflection
   (You found it on level 6 of the Lair of Beasts)
Wands
 c - a wand of disintegration (11)
   (You found it on level 6 of the Lair of Beasts)
 d - a wand of iceblast (36)
   (You found it on level 9 of the Dungeon)
 u - a wand of paralysis (14)
   (You found it on level 9 of the Dungeon)
 E - a wand of polymorph (22)
   (You found it on level 7 of the Dungeon)
 G - a wand of enslavement (11)
   (You found it on level 7 of the Dungeon)
Scrolls
 f - 8 scrolls of enchant armour
 g - 4 scrolls of magic mapping
 i - 5 scrolls of enchant weapon
 r - 14 scrolls of remove curse {@r2}
 w - 7 scrolls of immolation {!r}
 D - 2 scrolls of amnesia
 Z - 2 scrolls of brand weapon
Potions
 n - 3 potions of brilliance
 p - a potion of cancellation
 x - a potion of mutation {unknown}
 B - 2 potions of flight {unknown}
 F - 5 potions of curing {@q1}
 H - 2 potions of magic
 L - 3 potions of ambrosia
 N - a potion of might
 S - 4 potions of lignification {!q}
 V - 3 potions of stabbing
Miscellaneous
 t - a condenser vane (1/2)
   (You found it on level 6 of the Lair of Beasts)


   Skills:
 - Level 15.2(7.7) Fighting
 - Level 12.0(5.0) Slings
 - Level 11.9(4.9) Armour
 - Level 10.0(3.3) Dodging
 - Level 9.0(2.6) Stealth
 - Level 5.0(0.0) Shields
 - Level 2.0(0.0) Spellcasting
 + Level 2.1(0.0) Hexes
 - Level 2.0(0.0) Translocations
 - Level 8.0(1.6) Invocations
 + Level 4.1(0.0) Evocations


You had 12 spell levels left.
You knew the following spells:

 Your Spells              Type           Power        Failure   Level
a - Confusing Touch       Hex            #.......     96%         3
b - Blink                 Tloc           N/A          83%         2
c - Apportation           Tloc           #.....       69%         1

Your spell library contained the following spells:

 Spells                   Type           Power        Failure   Level
 Animate Skeleton         Necr           #.....       69%         1
 Beastly Appendage        Tmut           #.....       69%         1
 Corona                   Hex            #......      69%         1
 Foxfire                  Conj/Fire      #...         69%         1
 Freeze                   Ice            #...         69%         1
 Magic Dart               Conj           #...         69%         1
 Shock                    Conj/Air       #...         69%         1
 Summon Small Mammal      Summ           #...         69%         1
 Call Imp                 Summ           #.......     83%         2
 Corpse Rot               Necr/Air       N/A          83%         2
 Ensorcelled Hibernation  Hex/Ice        #.....       83%         2
 Slow                     Hex            #.......     83%         2
 Sublimation of Blood     Necr           #.........   83%         2
 Swiftness                Air            #.......     83%         2
 Wereblood                Tmut           #.......     83%         2
 Conjure Flame            Conj/Fire      #.......     96%         3
 Dazzling Flash           Conj/Hex       #.....       96%         3
 Frozen Ramparts          Ice            #.....       96%         3
 Gell's Gravitas          Tloc           #.........   96%         3
 Inner Flame              Hex/Fire       #.......     96%         3
 Mephitic Cloud           Conj/Pois/Air  #.......     96%         3
 Ozocubu's Armour         Ice            #.......     96%         3
 Spider Form              Tmut/Pois      #.........   96%         3
 Static Discharge         Conj/Air       #.......     96%         3
 Tukima's Dance           Hex            #.......     96%         3
 Airstrike                Air            #.........   100%        4
 Cause Fear               Hex            #.........   100%        4
 Dispel Undead            Necr           #.......     100%        4
 Hailstorm                Conj/Ice       #.......     100%        4
 Ice Form                 Ice/Tmut       #.......     100%        4
 Petrify                  Tmut/Erth      #.......     100%        4
 Sticky Flame             Conj/Fire      #.......     100%        4
 Summon Ice Beast         Ice/Summ       #.......     100%        4
 Summon Lightning Spire   Summ/Air       #.......     100%        4
 Agony                    Necr           #.......     100%        5
 Blade Hands              Tmut           #.........   100%        5
 Excruciating Wounds      Necr           #.........   100%        5
 Fireball                 Conj/Fire      #.........   100%        5
 Lightning Bolt           Conj/Air       #.........   100%        5
 Metabolic Englaciation   Hex/Ice        #.........   100%        5
 Silence                  Hex/Air        #.........   100%        5
 Yara's Violent Unravell  Hex/Tmut       #.........   100%        5
 Conjure Ball Lightning   Conj/Air       #.........   100%        6
 Eringya's Noxious Bog    Tmut/Pois      #.........   100%        6
 Hydra Form               Tmut           #.........   100%        6
 Statue Form              Tmut/Erth      #........    100%        6
 Discord                  Hex            #.........   100%        8
 Tornado                  Air            #.........   100%        9


Dungeon Overview and Level Annotations

Branches:
Dungeon (14/15)            Temple (1/1) D:5            Lair (6/6) D:11
  Swamp (3/4) Lair:4       Spider (0/4) Lair:3        Slime (0/5) Lair:6
    Orc (1/2) D:10
 Vaults: D:13-14

Altars:
Ashenzari
Cheibriados
Dithmenos
Elyvilon
Fedhas
Gozag
Hepliaklqana
Kikubaaqudgha
Makhleb
Nemelex Xobeh
Okawaru
Qazlal
Ru
Sif Muna
Trog
Uskayaw
Vehumet
Wu Jian
Xom
Yredelemnul
Zin
The Shining One
Jiyva

Shops:
D:4 [   D:7 (   D:13 [(

Annotations:
D:2 Terence
D:6 3 runed translucent doors, Lanoc's ghost, amateur HaWn
D:14 Louise
Lair:3 exclusion: oklob plant
Lair:5 3 runed translucent doors, Libboc's ghost, journeyman DEFE
Abyss:3 1 runed translucent door


Innate Abilities, Weirdness & Mutations

You are small and have problems with some larger weapons.
You are somewhat resistant to further mutation.
You are partially covered in iridescent scales. (AC +2)
Armour fits poorly on your strangely shaped body.
You do not regenerate when monsters are visible.
[You sometimes yell uncontrollably at your foes.]
[You are sometimes teleported next to monsters.]
[You are very weak. (Str -4)]


Message History

The quasit misses you.
The quasit claws you but does no damage.
Found a gateway leading deeper into the Abyss.
The death drake breathes miasma at you. The foul vapour engulfs you!
* * * LOW HITPOINT WARNING * * *
The smoke demon gestures at you. The ball of steam hits you! You resist.
* * * LOW HITPOINT WARNING * * *
The deep elf mage is engulfed in a cloud of scalding steam.
The deep elf mage mumbles some strange words.
Your magical contamination has completely faded away.
Found a spear.
Unknown command.
Really walk into that cloud of foul pestilence?
You are engulfed in dark miasma.
* * * LOW HITPOINT WARNING * * *
The quasit bites you but does no damage.
The quasit barely misses you.
The quasit claws you but does no damage.
The ghost crab is engulfed in a cloud of scalding steam.
The large abomination is engulfed in a cloud of scalding steam.
The deep elf mage is engulfed in a cloud of scalding steam.
The ghost crab is engulfed in a cloud of scalding steam.
The ghost crab breathes spectral mist at you.
The spectral mist engulfs the smoke demon but does no damage.
The smoke demon is engulfed in spectral mist.
The deep elf mage is engulfed in a cloud of scalding steam.
The deep elf mage dies!
The earth elemental disappears in a puff of smoke!
The smoke demon is engulfed in spectral mist.
The smoke demon gestures at you. Something smites you!
* * * LOW HITPOINT WARNING * * *
Unknown command.
You feel better. The death drake misses you.
The smoke demon is engulfed in spectral mist.
The smoke demon gestures at you. Something smites you!
* * * LOW HITPOINT WARNING * * *
Your extra speed is starting to run out.
The death drake breathes miasma at you. The foul vapour misses you.
There is a gateway leading deeper into the Abyss here.
Unknown command.
You can't go up here!
You are engulfed in dark miasma.
You are lethally poisoned!
You die...
Your body rises from the dead as a mindless zombie.

. # # # . .≈≈≈≈ x.
#..## . .≈≈≈≈ ≈ ###..#
....≈≈≈≈≈ .#....
.#.......... ...
#..##..## . #.. ..#
###○.##..##..##. #
.....#@○○............4.
#○○k5...... .... ..
#○##○.##○.##..##§§#
##.##.3##☼.##§.## #
#......X3.○☼§§tZ.§§ .
#.)......x.☼.§xz..☼..
##.. #..##3.##4.##§.#
#.. #..##...#.z## # ##.
.... ##. ○#..#


You could see a death drake (catching breath), a large abomination, 3 smoke
demons, a small abomination and a quasit.

Vanquished Creatures
  Roxanne (D:14)
  The ghost of p0werm0de the Fighter, a journeyman MiFi of Uskayaw (D:11)
  3 vault guards (D:14)
  Erolcha (D:10)
  A shambling mangrove (Swamp:1)
  Harold (Orc:1)
  4 hydras
  Erica (D:8)
  A catoblepas (Lair:6)
  3 alligators
  3 two-headed ogres
  2 centaur warriors (D:14)
  2 tengu warriors
  An unseen horror (D:13)
  2 harpies (Lair:6)
  2 wizards (D:14)
  2 ugly things
  5 slime creatures
  4 elephants
  3 manticores
  A torpor snail (Lair:5)
  3 rime drakes
  A gargoyle (D:14)
  6 cane toads
  A yaktaur (D:14)
  An efreet (Abyss:2)
  A demonic crawler (Lair:3)
  4 komodo dragons
  A tengu conjurer (D:14)
  3 tyrant leeches
  2 trolls
  11 hornets
  3 polar bears
  A bog body (Swamp:1)
  A meliai zombie (D:13)
  3 flying skulls (D:10)
  4 hippogriffs
  A ynoxinul (Abyss:2)
  A shadow (D:14)
  3 spriggans
  5 wyverns
  2 basilisks
  A wraith (D:10)
  34 yaks
  A fire bat (Abyss:2)
  3 vampire mosquitoes (D:12)
  9 swamp worms
  5 wargs (Orc:1)
  An acid dragon (D:11)
  4 water moccasins
  7 porcupines
  A black bear (D:7)
  An eye of draining (D:13)
  9 orc warriors
  A swamp drake (Swamp:1)
  2 sky beasts
  2 ice beasts
  A hornet zombie (D:5)
  11 centaurs
  3 ogres
  2 phantoms
  2 small abominations
  6 wolves
  6 crocodiles
  3 big kobolds
  7 bullfrogs
  4 gnoll sergeants (D:7)
  A wyvern zombie (D:11)
  7 scorpions
  A water moccasin skeleton (D:6)
  8 killer bees
  3 howler monkeys (D:7)
  3 bullfrog zombies
  3 starcursed masses (Abyss:2)
  8 hounds
  6 orc priests
  A gnoll shaman (D:7)
  5 jellies
  8 orc wizards
  2 bullfrog skeletons
  4 centaur skeletons
  Jessica (D:3)
  3 iguanas
  Natasha (twice) (D:3)
  17 worker ants
  3 hound skeletons
  A hound zombie (D:6)
  2 worker ant zombies
  17 gnolls
  15 adders
  9 river rats (D:7)
  3 shadow imps
  2 white imps
  An ufetubus (D:10)
  An ooze (D:4)
  An adder skeleton (D:4)
  4 worms
  A dart slug (D:4)
  9 leopard geckos
  32 orcs
  7 giant cockroaches
  4 goblins
  9 hobgoblins
  16 jackals
  13 kobolds
  9 quokkas
  3 bats
  2 frilled lizards (D:3)
  21 rats
  A starspawn tentacle (Abyss:2)
497 creatures vanquished.

Vanquished Creatures (collateral kills)
  Snorg (D:14)
  5 hydras
  2 two-headed ogres
  A merfolk avatar (Lair:6)
  2 alligators (Swamp:2)
  4 swamp dragons (Swamp:2)
  A manticore (Lair:6)
  2 ugly things
  A cyclops (D:13)
  3 black mambas
  11 elephants
  5 cane toads
  A gargoyle (D:11)
  3 rime drakes
  4 komodo dragons
  A tyrant leech (Swamp:2)
  A hornet (shapeshifter) (D:13)
  A hornet (Lair:6)
  3 bog bodies
  2 slime creatures (D:12)
  4 hippogriffs
  2 wraiths
  15 yaks
  2 wyverns
  A basilisk (Lair:2)
  A steam dragon (D:14)
  5 vampire mosquitoes
  An acid dragon (D:13)
  2 swamp worms (Swamp:2)
  5 water moccasins
  6 porcupines
  2 phantoms
  A small abomination (Abyss:2)
  A sky beast (Abyss:2)
  An orc warrior (Orc:1)
  An eye of draining (D:11)
  3 wolves
  2 ogres
  5 crocodiles
  A centaur (D:13)
  5 bullfrogs
  A scorpion (D:12)
  2 killer bees (D:7)
  A jelly (D:11)
  An orc priest (D:13)
  A bullfrog zombie (D:7)
  3 hounds (D:7)
  An orc wizard (Orc:1)
  3 worker ants
  A howler monkey zombie (D:7)
  3 gnolls (D:7)
  8 orcs
  2 giant cockroaches (Lair:3)
  A jackal (D:7)
  5 kobolds
  A bush (Lair:6)
154 creatures vanquished.

Vanquished Creatures (others)
  A swamp dragon (Swamp:2)
  2 phantasmal warriors
  A deep elf mage (Abyss:3)
  A cyclops (D:13)
  A bog body (Swamp:2)
  2 raiju (Abyss:3)
  11 flying skulls
  A shadow (D:13)
  2 wraiths
  2 yaks (D:13)
  3 vampires
  3 wights
  A hound (D:13)
  An orc wizard (D:13)
  2 swamp worm zombies (Swamp:2)
  2 ugly thing zombies
  A small abomination (Abyss:3)
  2 hydra zombies
  2 alligator zombies (Swamp:2)
  2 black mamba zombies
  A cane toad zombie (Lair:4)
  3 vampire mosquito zombies
  A hornet zombie (Swamp:1)
  5 water moccasin zombies
  A black bear zombie (D:7)
  2 elephant zombies
  A hippogriff zombie (Lair:3)
  2 human zombies (D:14)
  A komodo dragon zombie (Lair:6)
  A manticore zombie (Lair:6)
  5 swamp dragon zombies (Swamp:2)
  2 tengu zombies
  A troll zombie (D:14)
  A two-headed ogre zombie (D:14)
  11 yak zombies
  3 rime drake zombies
  2 warg zombies (Orc:1)
  An acid dragon zombie (D:11)
  4 crocodile zombies
  A big kobold zombie (D:11)
  2 bog body skeletons
  3 bullfrog zombies
  9 centaur zombies
  A giant cockroach zombie (Lair:3)
  6 gnoll zombies (D:7)
  5 hound zombies
  3 howler monkey zombies (D:7)
  3 killer bee zombies (D:7)
  2 kobold zombies
  A leopard gecko zombie (D:8)
  12 orc zombies
  A porcupine zombie (Lair:5)
  2 sky beast zombies
  2 wolf zombies (Lair:2)
  2 wyvern zombies
  38 fungi
  70 plants
  11 starspawn tentacles (Abyss:2)
265 creatures vanquished.

Grand Total: 916 creatures vanquished

Notes
Turn   | Place    | Note
-------+----------+-------------------------------------------
     0 | D:1      | Apogee the Halfling Hunter began the quest for the Orb.
     0 | D:1      | Reached XP level 1. HP: 14/14 MP: 1/1
   331 | D:1      | Reached XP level 2. HP: 15/19 MP: 2/2
   439 | D:1      | Reached skill level 2 in Fighting
   461 | D:1      | You fall into a shaft and drop 1 floor!
   522 | D:2      | Reached XP level 3. HP: 12/24 MP: 3/3
   926 | D:2      | Noticed Terence
  1127 | D:2      | Reached XP level 4. HP: 30/30 MP: 4/4
  2341 | D:3      | Noticed Jessica
  2365 | D:3      | HP: 1/30 [Jessica/puff of flame (5)]
  2372 | D:3      | Killed Jessica
  2372 | D:3      | Reached XP level 5. HP: 2/36 MP: 5/5
  2873 | D:3      | Noticed Natasha
  2885 | D:3      | Killed Natasha
  2885 | D:3      | Reached skill level 3 in Fighting
  3149 | D:3      | Noticed Natasha
  3156 | D:3      | Killed Natasha
  3451 | D:4      | Reached XP level 6. HP: 40/42 MP: 6/6
  4744 | D:4      | Found Luptarir's Armour Shoppe.
  5014 | D:5      | Entered Level 5 of the Dungeon
  5283 | D:5      | Found a staircase to the Ecumenical Temple.
  5303 | D:5      | Reached skill level 1 in Shields
  5303 | D:5      | Reached XP level 7. HP: 46/47 MP: 7/7
  5318 | Temple   | Entered the Ecumenical Temple
  5449 | Temple   | Became a worshipper of Yredelemnul the Dark
  5792 | D:5      | Noticed a hippogriff
  5812 | D:5      | Killed a hippogriff
  5812 | D:5      | Reached skill level 4 in Fighting
  5812 | D:5      | Reached skill level 5 in Dodging
  6261 | D:5      | Reached XP level 8. HP: 54/54 MP: 8/8
  6572 | D:5      | Found a shadowy altar of Dithmenos.
  6962 | D:5      | Found a sparkling altar of Nemelex Xobeh.
  7919 | D:6      | Found a runed translucent gate.
  7920 | D:6      | Found a runed translucent gate.
  7921 | D:6      | Found a runed translucent gate.
  7923 | D:6      | Noticed Lanoc's ghost (amateur HaWn)
  8203 | D:4      | Bought a +2 scale mail of poison resistance for 198 gold
                  | pieces
  8365 | D:6      | Reached skill level 5 in Fighting
  8868 | D:6      | Reached XP level 9. HP: 47/61 MP: 9/9
  9224 | D:7      | Reached * piety under Yredelemnul
  9725 | D:7      | Got a shimmering mace
  9810 | D:7      | Reached ** piety under Yredelemnul
  9810 | D:7      | Reached skill level 10 in Slings
  9956 | D:7      | Reached skill level 5 in Shields
 10303 | D:6      | Reached skill level 6 in Fighting
 10664 | D:7      | Reached skill level 1 in Invocations
 10900 | D:7      | Found Ygeuzuw's Weapon Shoppe.
 11196 | D:7      | Reached *** piety under Yredelemnul
 11496 | D:7      | Reached XP level 10. HP: 69/69 MP: 11/11
 11612 | D:7      | Identified the cursed +0 mace of Premature Burial {freeze,
                  | rPois rC- MR- Dex+10} (You found it on level 7 of the
                  | Dungeon)
 11640 | D:7      | Identified the +6 dagger of Arrival {flame, +Fly rPois rF++
                  | rC-}
 11858 | D:7      | Received a gift from Yredelemnul (a wight)
 12019 | D:8      | Found a stormy altar of Qazlal.
 12170 | D:8      | Got a dazzling helmet
 12176 | D:8      | Identified the +2 helmet of Damp Intercession {rC- Regen+
                  | rCorr} (You found it on level 8 of the Dungeon)
 12348 | D:8      | Noticed a two-headed ogre
 12356 | D:8      | Killed a two-headed ogre
 12356 | D:8      | Reached skill level 7 in Fighting
 12443 | D:8      | Noticed Erica
 12443 | D:8      | Noticed a two-headed ogre
 12454 | D:8      | Killed a two-headed ogre
 12459 | D:8      | Killed Erica
 12800 | D:8      | Found a shimmering blue altar of Sif Muna.
 12871 | D:9      | Got a creamy pearl robe
 12892 | D:9      | Reached XP level 11. HP: 77/77 MP: 14/14
 12972 | D:9      | Got a polished chain mail
 12988 | D:9      | Reached skill level 8 in Fighting
 12999 | D:9      | Identified the cursed +0 chain mail of Eternal Vigilance
                  | {Str+2 SInv} (You found it on level 9 of the Dungeon)
 13064 | D:9      | Noticed a two-headed ogre
 13078 | D:9      | Killed a two-headed ogre
 13078 | D:9      | Reached skill level 10 in Dodging
 13230 | D:9      | Reached skill level 9 in Fighting
 13456 | D:9      | Noticed a two-headed ogre
 13472 | D:9      | Killed a two-headed ogre
 13937 | D:10     | Entered Level 10 of the Dungeon
 13942 | D:10     | Reached skill level 10 in Fighting
 14183 | D:10     | Received a gift from Yredelemnul (3 flying skulls)
 14381 | D:10     | Got a faintly humming cloak
 14387 | D:10     | Identified the +0 cloak "Remi Jask" {rPois Str+4} (You
                  | found it on level 10 of the Dungeon)
 14444 | D:10     | Found a staircase to the Orcish Mines.
 14616 | D:10     | Noticed Erolcha
 14633 | D:10     | Killed Erolcha
 14972 | D:10     | Reached skill level 11 in Fighting
 15145 | D:11     | Received a gift from Yredelemnul (a wight)
 15357 | D:11     | Noticed an eight-headed hydra
 15365 | D:11     | Killed a ten-headed hydra
 15365 | D:11     | Reached XP level 12. HP: 60/90 MP: 15/15
 15551 | D:11     | Found a staircase to the Lair.
 15637 | D:11     | Reached skill level 1 in Armour
 15744 | D:11     | Reached **** piety under Yredelemnul
 16215 | D:11     | Found a runed translucent door.
 16216 | D:11     | Noticed p0werm0de's ghost (journeyman MiFi)
 16545 | D:12     | Reached skill level 12 in Fighting
 16912 | D:12     | Received a gift from Yredelemnul (5 flying skulls)
 17258 | D:12     | Found a burning altar of Makhleb.
 17476 | D:13     | Reached skill level 5 in Armour
 17543 | D:13     | Noticed a tengu warrior
 17565 | D:13     | Killed a tengu warrior
 17617 | D:13     | Found a shimmering altar of Xom.
 17642 | D:13     | Noticed an unseen horror
 17689 | D:13     | Received a gift from Yredelemnul (4 flying skulls)
 17695 | D:13     | Killed an unseen horror
 18028 | D:13     | Found Coalir's Armour Shop.
 18072 | D:13     | Found Ugumix's Antique Weapon Emporium.
 18325 | D:13     | Found a flickering gateway to a bazaar.
 18337 | Bazaar   | Entered a bazaar
 18338 | Bazaar   | Found Nufesor's Distillery.
 18345 | Bazaar   | Found Leicewoh's Armour Boutique.
 18352 | Bazaar   | Found Gyn Womp's Jewellery Boutique.
 18392 | Bazaar   | Found Fiti Yrch's Magic Scroll Shoppe.
 18421 | Bazaar   | Bought a +0 plate armour of cold resistance for 330 gold
                  | pieces
 18480 | Bazaar   | Bought the ring of Shadows {Umbra +Inv Stlth+} for 320 gold
                  | pieces
 18480 | Bazaar   | Found the ring of Shadows {Umbra +Inv Stlth+}
 18599 | D:14     | Received a gift from Yredelemnul (a wight)
 18629 | D:14     | Noticed a two-headed ogre
 18636 | D:14     | Killed a two-headed ogre
 18661 | D:14     | Noticed Snorg
 18680 | D:14     | Killed Snorg
 18680 | D:14     | Reached skill level 13 in Fighting
 18680 | D:14     | Reached XP level 13. HP: 82/99 MP: 16/16
 18771 | D:14     | Noticed a centaur warrior
 18794 | D:14     | Killed a centaur warrior
 18826 | D:14     | Identified Roxanne's Handbook of Transformation
 18826 | D:14     | Noticed Roxanne
 18895 | D:14     | Killed Roxanne
 19162 | D:14     | Noticed a four-headed hydra
 19168 | D:14     | Killed a four-headed hydra
 19318 | D:14     | Noticed a centaur warrior
 19354 | D:14     | Killed a centaur warrior
 19577 | D:14     | Noticed a vault guard
 19768 | D:14     | Noticed a vault guard
 19796 | D:14     | Noticed a vault guard
 19853 | D:14     | Killed a vault guard
 19948 | D:14     | Killed a vault guard
 20052 | D:14     | Killed a vault guard
 20052 | D:14     | Reached skill level 14 in Fighting
 20052 | D:14     | Reached skill level 10 in Armour
 20091 | D:14     | Noticed Louise
 20107 | D:14     | Cast into level 2 of the Abyss (Louise)
 20180 | Abyss:2  | Noticed a tentacled starspawn
 20328 | Abyss:2  | Learned a level 2 spell: Blink
 20344 | D:14     | Escaped the Abyss
 20549 | Lair:1   | Entered Level 1 of the Lair of Beasts
 20707 | Lair:1   | Reached skill level 1 in Translocations
 21401 | Lair:1   | Reached ***** piety under Yredelemnul
 21402 | Lair:1   | Received a gift from Yredelemnul (a vampire)
 21799 | Lair:2   | Received a gift from Yredelemnul (a phantasmal warrior)
 21818 | Lair:2   | Learned a level 1 spell: Apportation
 22073 | Lair:2   | Reached XP level 14. HP: 82/108 MP: 13/17
 22564 | Lair:3   | Reached skill level 5 in Invocations
 22995 | Lair:3   | Found a hole to the Spider Nest.
 23045 | Lair:3   | Reached skill level 5 in Stealth
 23085 | Lair:3   | Received a gift from Yredelemnul (2 flying skulls)
 23560 | Lair:4   | Found a staircase to the Swamp.
 23598 | Lair:4   | Received a gift from Yredelemnul (a wraith)
 24505 | Lair:5   | Received a gift from Yredelemnul (a wraith)
 24668 | Lair:5   | Found a runed translucent gate.
 24692 | Lair:5   | Found a runed translucent gate.
 24693 | Lair:5   | Found a runed translucent gate.
 24729 | Lair:5   | Noticed Libboc's ghost (journeyman DEFE)
 25677 | Lair:6   | Entered Level 6 of the Lair of Beasts
 25904 | Lair:5   | Received a gift from Yredelemnul (a vampire)
 26242 | Lair:6   | Found a viscous altar of Jiyva.
 26243 | Lair:6   | Found a staircase to the Slime Pits.
 26436 | Lair:6   | Reached skill level 15 in Fighting
 27031 | Lair:6   | Got a warped ruby amulet
 27042 | Lair:6   | Identified the amulet "Piamis Irav" {rElec rF+ Regen+ Int+2
                  | Stlth+} (You found it on level 6 of the Lair of Beasts)
 27720 | D:11     | Killed p0werm0de's ghost
 27720 | D:11     | Reached XP level 15. HP: 53/116 MP: 21/21
 27727 | D:11     | Got a scorched scale mail
 27738 | D:11     | Identified the +2 scale mail of Jigsaw {*Drain rElec rF-
                  | Dex+8} (You found it on level 11 of the Dungeon)
 27888 | Orc:1    | Entered Level 1 of the Orcish Mines
 27890 | Orc:1    | Noticed Harold
 27907 | Orc:1    | Killed Harold
 28612 | Swamp:1  | Entered Level 1 of the Swamp
 29035 | Swamp:1  | Reached skill level 1 in Evocations
 29557 | Swamp:1  | Got a brightly glowing platinum ring
 29561 | Swamp:1  | Identified the ring "Xogha" {rF- rN+++ MP+9 Stlth+} (You
                  | found it on level 1 of the Swamp)
 30261 | Swamp:1  | HP: 1/116 [shambling mangrove (16)]
 30509 | Swamp:1  | Learned a level 3 spell: Confusing Touch
 30857 | Swamp:2  | Reached skill level 1 in Hexes
 31023 | Swamp:2  | Reached skill level 1 in Spellcasting
 31214 | Swamp:2  | Received a gift from Yredelemnul (a vampire)
 31469 | Swamp:2  | Noticed a tentacled monstrosity
 32304 | D:10     | Identified the +2 robe "Raofrac" {Str+4} (You found it on
                  | level 9 of the Dungeon)
 32540 | D:14     | Gained mutation: You do not regenerate when monsters are
                  | visible. [mutagenic glow]
 32580 | D:14     | Cast into level 2 of the Abyss (Louise)
 32589 | Abyss:2  | Gained mutation: Armour fits poorly on your strangely
                  | shaped body. [mutagenic glow]
 32660 | Abyss:2  | Noticed a tentacled starspawn
 32768 | Abyss:2  | Noticed a tentacled starspawn
 32773 | Abyss:2  | Found an ornate altar of the Wu Jian Council.
 32887 | Abyss:2  | Got a jewelled rapier
 32888 | Abyss:2  | Identified the +10 rapier of Viny Integrity {drain, rPois}
                  | (You found it on level 2 of the Abyss)
 32950 | Abyss:2  | Gained mutation: You are partially covered in iridescent
                  | scales. (AC +2) [mutagenic glow]
 32954 | Abyss:2  | Noticed a brown very ugly thing
 32957 | Abyss:2  | Noticed a brown very ugly thing
 32959 | Abyss:2  | Noticed a brown very ugly thing
 32962 | Abyss:2  | Noticed a brown very ugly thing
 32964 | Abyss:2  | Noticed a brown very ugly thing
 32996 | Abyss:2  | Received a gift from Yredelemnul (a phantasmal warrior)
 33063 | Abyss:2  | Noticed a cacodemon
 33186 | Abyss:3  | Noticed a revenant
 33216 | Abyss:3  | HP: 4/116 [spectral iron dragon[a revenant] (6)]
 33271 | Abyss:3  | Noticed a revenant
 33296 | Abyss:3  | Found a runed translucent door.
 33321 | Abyss:3  | HP: 1/115 [death drake] (11)]
 33330 | Abyss:3  | HP: 3/115 [smoke demon/divine providence (14)]
 33333 | Abyss:3  | HP: 1/116 [smoke demon/divine providence (12)]
 33335 | Abyss:3  | Engulfed by a death drake's foul pestilence

Illustrated notes

Levels and vault maps discovered:
D:1:      nicolae_arrival_memento_mori, layout_basic
D:2:      layout_basic, uniq_terence
D:3:      layout_rooms, minivault_14, uniq_natasha, uniq_jessica
D:4:      layout_loops_corners, serial_shops, nicolae_shop_behind_doors
D:5:      layout_basic, temple_fountains, hangedman_feature_mirror,
          wad_floor_pattern_untrapped
D:6:      layout_loops_ring, gammafunk_ghost_necromancy
D:7:      lemuel_ratsnest, layout_cave_pools, serial_gnoll_camp,
          gnoll_camp_mini_shop, gnoll_camp_mini_loothouse,
          gnoll_camp_huts_basic, gnoll_camp_mini_house, gnoll_camp_mini_house
D:8:      layout_cave_pods, lemuel_round_altar, basic_altar, grunt_decor_cap,
          minmay_misc_feat_cross, uniq_erica
D:9:      layout_roguey
D:10:     layout_long_grid, orc_0_dummy, uniq_erolcha
D:11:     layout_stronghold, david_lair_shrubbed, ebering_ghost_reflecting_pool
D:12:     layout_roguey, bloody_makhleb
D:13:     layout_roguey, serial_shops, bzr_firewalk, nicolae_shop_crystal, shop,
          xom_confusion_cloud
D:14:     layout_roguey, grunt_vaults_entry_fortified, minivault_19,
          uniq_louise, uniq_snorg, uniq_roxanne
Temple:   roderic_octagonal_lattice_temple
Lair:1:   layout_small_grid
Lair:2:   layout_gridlike, grunt_megastairs_4
Lair:3:   layout_long_grid, nicolae_spider_entry_non_spiders,
          beast_lair_carwin_1, grunt_megastairs_2
Lair:4:   layout_concentric_octagons, skrybe_swamp_entry_bodies,
          grunt_forest_small_clearings, lemuel_fruit_fields
Lair:5:   layout_hall_layers, gammafunk_ghost_icy, infiniplex_staircase_pool,
          lemuel_fruit_tree
Lair:6:   gammafunk_lair_ancient_temple, layout_hall_layers, slime_altar_1
Swamp:1:  layout_basic_swamp, evilmike_swamp_ruin_rubble_1
Swamp:2:  layout_falls_marsh, evilmike_swamp_ruin_wall, swamp_pool1,
          st_swamp_ruins_3
Swamp:3:  layout_falls_marsh, evilmike_swamp_ruin_house_3, swamp_pool5
Orc:1:    cheibrodos_orc_guarddog, layout_caves, uniq_urug, uniq_harold
Abyss:3:  base: Lair:5, evilmike_nicolae_abyss_rune_betentacled_crabyss,
          serial_sigils_hangedman_snap,
          evilmike_nicolae_abyss_rune_betentacled_crabyss,
          evilmike_nicolae_abyss_rune_betentacled_crabyss,
          evilmike_abyss_exit_kraken, nicolae_abyss_rune_left_handed

Skill      XL: |  1  2  3  4  5  6  7  8  9 10 11 12 13 14 15 |
---------------+----------------------------------------------+-----
Slings         | 6 7 8 9 11 12 | 12.0
Fighting       | 2 3 4 5 6 7 11 13 14 15 | 15.2
Stealth        | 2 3 8 9 |  9.0
Dodging        | 3 4 5 6 7 9 10 | 10.0
Shields        | 1 2 4 5 |  5.0
Invocations    | 2 4 8 |  8.0
Armour         | 7 10 11 | 11.9
Translocations | 2 |  2.0
Evocations     | 4 |  4.1
Hexes          | 2 |  2.1
Spellcasting   | 2 |  2.0

Action                   |  1- 3 |  4- 6 |  7- 9 | 10-12 | 13-15 || total
-------------------------+-------+-------+-------+-------+-------++-------
Melee: Short sword       |    66 |   373 |   865 |    58 |       ||  1362
       Dagger            |       |       |       |   821 |  1674 ||  2495
       Rapier            |       |       |       |       |    19 ||    19
 Fire: Hunting sling     |    24 |    41 |    75 |     4 |   517 ||   661
 Cast: Confusing Touch   |       |       |       |       |     6 ||     6
       Blink             |       |       |       |       |     1 ||     1
Invok: Animate Remains   |       |       |    11 |     6 |       ||    17
       Animate Dead      |       |       |     3 |    38 |    66 ||   107
       Recall Undead Sla |       |       |     1 |     1 |     4 ||     6
       Injury Mirror     |       |       |       |     2 |     2 ||     4
       Drain Life        |       |       |       |       |    12 ||    12
 Abil: Evoke Invisibilit |       |       |       |       |    21 ||    21
       Evoke Flight      |       |       |       |       |    10 ||    10
Evoke: Wand              |       |       |     3 |    21 |    36 ||    60
       Condenser vane    |       |       |       |       |     3 ||     3
  Use: Potion            |       |       |     7 |     2 |    21 ||    30
       Scroll            |       |       |     7 |    11 |    30 ||    48
 Stab: Distracted        |       |       |       |     6 |    15 ||    21
       Invisible         |       |       |       |       |    17 ||    17
       Petrified         |       |       |       |       |     3 ||     3
       Sleeping          |       |       |       |       |    11 ||    11
       Confused          |       |       |       |       |     2 ||     2
Armor: Leather armour    |    11 |     4 |       |       |       ||    15
       Ring mail         |       |    62 |       |       |       ||    62
       Scale mail        |       |    63 |   229 |    66 |    65 ||   423
       Skin              |       |       |    24 |     5 |       ||    29
       Chain mail        |       |       |   116 |   157 |       ||   273
       Plate armour      |       |       |       |    96 |   652 ||   748
       Crystal plate arm |       |       |       |       |    73 ||    73
       Swamp dragon scal |       |       |       |       |    96 ||    96
Dodge: Dodged            |    45 |   308 |   671 |   615 |  1964 ||  3603
Block: Buckler           |       |       |   263 |   341 |   914 ||  1518

Table legend: (Time is in decaauts)
 A = Elapsed time spent in this place.
 B = Non-inter-level travel time spent in this place.
 C = Inter-level travel time spent in this place.
 D = Time resting spent in this place.
 E = Time spent auto-exploring this place.
 F = Levels seen in this place.
 G = Mean time per level.
                   A        B        C        D        E       F      G
               +--------+--------+--------+--------+--------+-----+--------+
         Total |  33425 |  31069 |   2356 |   5558 |  15841 |  29 | 1152.6 |
       Dungeon |  21238 |  19689 |   1549 |   3729 |  10299 |  14 | 1517.0 |
        Temple |    150 |    110 |     40 |      0 |     89 |   1 |  150.0 |
          Lair |   7067 |   6418 |    649 |    688 |   4082 |   6 | 1177.8 |
         Swamp |   3420 |   3317 |    103 |   1115 |    958 |   3 | 1140.0 |
  Orcish Mines |    462 |    449 |     13 |      0 |    260 |   1 |  462.0 |
         Abyss |    928 |    928 |      0 |     26 |     90 |   3 |  309.3 |
        Bazaar |    156 |    156 |      0 |      0 |     62 |   1 |  156.0 |
               +--------+--------+--------+--------+--------+-----+--------+

Top non-repeatable levels by time:
     D:7: 2675 daAuts
     D:5: 2404 daAuts
    D:11: 2147 daAuts
 Swamp:1: 2137 daAuts
    D:14: 1749 daAuts
     D:3: 1725 daAuts
     D:4: 1722 daAuts
  Lair:6: 1709 daAuts
     D:6: 1523 daAuts
     D:2: 1365 daAuts
    D:10: 1308 daAuts
  Lair:1: 1267 daAuts
 Swamp:2: 1231 daAuts
  Lair:5: 1226 daAuts
  Lair:3: 1187 daAuts
